 Dungeon Sprint DCSS version 0.22.0-18-ge075c0d (webtiles) character file.

274 poirepourri the Severer (level 9, -4/94 HPs)
             Began as a Minotaur Fighter on Aug 18, 2018.
             Was an Initiate of Gozag.
             Slain by the 27-headed Lernaean hydra (5 damage)
             ... in the Dungeon (Sprint VI: "Thunderdome").
             The game lasted 00:02:56 (847 turns).

poirepourri the Severer (Minotaur Fighter)           Turns: 847, Time: 00:02:57

Health: -4/94      AC:  8    Str: 26    XL:     9   Next: 62%
Magic:  8/8        EV:  7    Int: 13    God:    Gozag
Gold:   449        SH: 10    Dex: 19    Spells: 8/8 levels left

rFire    . . .     SeeInvis .   a - +0 war axe
rCold    . . .     Gourm    .   r - +0 shield of Fizxytil {rElec rPois Str+2 Int+2 Dex-5} (curse)
rNeg     . . .     Faith    .   b - +0 scale mail
rPois    +         Spirit   .   (helmet restricted)
rElec    +         Reflect  .   l - -3 cloak "Misisavu" {*Drain Int+4} (curse)
rCorr    .         Harm     .   j - +1 pair of gloves of Prudence {Regen+ Dex+4}
MR       +....     NoTele   +   d - +0 pair of boots of Watchfulness {rPois}
Stlth    ..........             (no amulet)
HPRegen  0.65/turn              p - ring "Teroloru" {Int+2 Dex+7}
MPRegen  0.11/turn              q - ring of the Rose {MR+ Str+3}

@: gold aura
A: retaliatory headbutt, horns 2
a: Potion Petition, Call Merchant, Bribe Branch, Renounce Religion


You were in the Dungeon.
You worshipped Gozag.
Gozag was aware of your devotion.
You were not hungry.

You visited 1 branch You collected 2724 gold pieces.
You spent 2275 gold pieces at shops.

Inventory:

Hand Weapons
 a - a +0 war axe (weapon)
Armour
 b - a +0 scale mail (worn)
 c - a +0 shield
 d - the +0 pair of boots of Watchfulness (worn) {rPois}
   (You bought it in a shop in the Dungeon)

   It protects you from poison.
 j - the +1 pair of gloves of Prudence (worn) {Regen+ Dex+4}
   (You bought it in a shop in the Dungeon)

   It affects your dexterity (+4).
   It increases your rate of regeneration.
 l - the cursed -3 cloak "Misisavu" (worn) {*Drain Int+4}
   (You bought it in a shop in the Dungeon)

   It affects your intelligence (+4).
   It causes draining when unequipped.
   It has a curse placed upon it.
 r - the cursed +0 shield of Fizxytil (worn) {rElec rPois Str+2 Int+2 Dex-5}
   (You bought it in a shop in the Dungeon)

   It affects your strength (+2).
   It affects your intelligence (+2).
   It affects your dexterity (-5).
   It insulates you from electricity.
   It protects you from poison.
   It has a curse placed upon it.
Jewellery
 p - the ring "Teroloru" (left hand) {Int+2 Dex+7}
   (You bought it in a shop in the Dungeon)

   [ring of intelligence]

   It affects your intelligence (+2).
   It affects your dexterity (+7).
 q - the ring of the Rose (right hand) {MR+ Str+3}
   (You bought it in a shop in the Dungeon)

   [ring of protection from magic]

   It affects your strength (+3).
   It affects your resistance to hostile enchantments.
Wands
 n - a wand of iceblast (5)
Scrolls
 k - 4 scrolls of blinking
 o - 3 scrolls of fog
Potions
 e - a potion of curing
 g - 12 potions of heal wounds
 h - 4 potions of haste
 i - 2 potions of magic
Comestibles
 f - a ration


   Skills:
 + Level 13.6 Fighting
 - Level 20.7 Axes
 - Level 3.6 Armour
 - Level 3.6 Shields


You had 8 spell levels left.
You didn't know any spells.
Your spell library was empty.

Dungeon Overview and Level Annotations

Branches:
Dungeon (1/1)

Altars:
Cheibriados
Dithmenos
Fedhas
Gozag
Kikubaaqudgha
Makhleb
Okawaru
Qazlal
Ru
Sif Muna
Trog
Uskayaw
Vehumet
Wu Jian
Xom
Yredelemnul
Zin
The Shining One
Beogh
Jiyva
Lugonu

Shops:
D *[%??*?*:[((!!!!

Annotations:
D Lernaean hydra


Innate Abilities, Weirdness & Mutations

You reflexively headbutt those who attack you in melee.
You have a pair of horns on your head.


Message History

You block the 27-headed Lernaean hydra's attack.
The 27-headed Lernaean hydra bites you. x2
The 27-headed Lernaean hydra completely misses you.
The 27-headed Lernaean hydra bites you! The 27-headed Lernaean hydra bites you.
The 27-headed Lernaean hydra bites you! x2
* * * LOW HITPOINT WARNING * * *
The 27-headed Lernaean hydra barely misses you.
The 27-headed Lernaean hydra bites you but does no damage.
The 27-headed Lernaean hydra bites you!
* * * LOW HITPOINT WARNING * * *
The 27-headed Lernaean hydra bites you but does no damage.
The 27-headed Lernaean hydra bites you!
* * * LOW HITPOINT WARNING * * *
The 27-headed Lernaean hydra bites you.
* * * LOW HITPOINT WARNING * * *
The 27-headed Lernaean hydra bites you.
* * * LOW HITPOINT WARNING * * *
The 27-headed Lernaean hydra bites you.
You die...
Your body crumbles into a pile of gold.

#_......._# #........_#
#_......._# ###.........###
#⌠..........[⌠#
######.8.F.......8.#####
##∩___......###.......__∩
###∩......$.8.# #.8........
##.[.......@D..###..........
#⌠..........###...###.......
#⌠..........# #.<.# #.......
#⌠..........###...###.......
##.............###.......[..
###∩........8.# #.8........
##∩___......###.......__∩
######.8.........8.#####
#⌠....)......⌠#


You could see the 27-headed Lernaean hydra and a spiny frog.

Vanquished Creatures
  A hydra (D)
  3 rime drakes (D)
  A hornet (D)
  A water elemental (D)
  Sigmund (D)
  4 fire bats (D)
  2 fire elementals (D)
  A vampire mosquito (D)
  An ice beast (D)
  An ogre (D)
  A scorpion (D)
  Terence (D)
  A worm (D)
  6 giant cockroaches (D)
  A quokka simulacrum (D)
26 creatures vanquished.

Notes
Turn   | Place    | Note
-------+----------+-------------------------------------------
     0 | D        | poirepourri the Minotaur Fighter began the quest for the Orb.
     0 | D        | Reached XP level 1. HP: 19/19 MP: 0/0
     3 | D        | Found a glowing golden altar of the Shining One.
     3 | D        | Found a shimmering altar of Xom.
     4 | D        | Found a hide-covered altar of Uskayaw.
     5 | D        | Found a sacrificial altar of Ru.
     5 | D        | Found a blossoming altar of Fedhas.
     5 | D        | Round 1.
     6 | D        | Found Ygafutz's Delicious Food.
     6 | D        | Found a corrupted altar of Lugonu.
     6 | D        | Found a viscous altar of Jiyva.
     6 | D        | Found Goremuan's Identification Station.
     7 | D        | Found Biv Juiman's Jewellery.
     7 | D        | Found Iclil's Advanced Armour.
    15 | D        | Reached skill level 3 in Axes
    17 | D        | Bought a brightly glowing ivory ring for 45 gold pieces
    17 | D        | Bought a smoking pewter ring for 45 gold pieces
    17 | D        | Identified the ring "Teroloru" {Int+2 Dex+7} (You bought it in a shop in the Dungeon)
    18 | D        | Identified the ring of the Rose {MR+ Str+3} (You bought it in a shop in the Dungeon)
    22 | D        | Found a glowing silver altar of Zin.
    23 | D        | Found a shadowy altar of Dithmenos.
    24 | D        | Found a radiant altar of Vehumet.
    25 | D        | Found Zeisoom Jod's Premium Goods.
    27 | D        | Found an opulent altar of Gozag.
    27 | D        | Found an ancient bone altar of Kikubaaqudgha.
    27 | D        | Found a bloodstained altar of Trog.
    27 | D        | Found Tubbiacuem's Weapon Rack.
    29 | D        | Found Geaqadgh's Miscellaneous Merchandise.
    29 | D        | Found Xanol's Basic Armour.
    32 | D        | Found an ornate altar of the Wu Jian Council.
    33 | D        | Found an iron altar of Okawaru.
    36 | D        | Became a worshipper of Gozag Ym Sagoz the Greedy
    39 | D        | Found Punekh's Do-It-Yourself Clinic.
    41 | D        | Found a basalt altar of Yredelemnul.
    41 | D        | Found a deep blue altar of Sif Muna.
    41 | D        | Found Hosourgh's Distillery.
    43 | D        | Found Nibe's Bottled Wisdom.
    43 | D        | Found Nirha's Distillery.
    51 | D        | Found a roughly hewn altar of Beogh.
    52 | D        | Found a snail-covered altar of Cheibriados.
    53 | D        | Found a burning altar of Makhleb.
    54 | D        | Found Seudishaome's Staff Store.
    55 | D        | Noticed a scorpion
    55 | D        | Found a stormy altar of Qazlal.
    55 | D        | Found Lorud's Magic Scroll Shop.
    55 | D        | Found Faepleeh's Must-Have Magic.
    55 | D        | Found Zeaha's Magic Scroll Shop.
    60 | D        | Killed a scorpion
    60 | D        | Reached skill level 8 in Axes
    60 | D        | Reached XP level 2. HP: 26/26 MP: 1/1
    60 | D        | Reached XP level 3. HP: 31/31 MP: 2/2
   103 | D        | Reached skill level 9 in Axes
   123 | D        | Arena points: 14 (+14) [x2]
   167 | D        | Round 2.
   167 | D        | Noticed Sigmund
   176 | D        | Killed Sigmund
   176 | D        | Reached skill level 13 in Axes
   176 | D        | Reached XP level 4. HP: 39/39 MP: 3/3
   176 | D        | Reached XP level 5. HP: 45/45 MP: 4/4
   217 | D        | Noticed Terence
   224 | D        | Killed Terence
   248 | D        | Noticed an ogre
   264 | D        | Killed an ogre
   264 | D        | Arena points: 50 (+36) [x3]
   264 | D        | Reached skill level 14 in Axes
   264 | D        | Reached XP level 6. HP: 48/51 MP: 5/5
   282 | D        | Bought a pair of jewelled boots for 332 gold pieces
   282 | D        | Bought a pair of jewelled gloves for 332 gold pieces
   287 | D        | Identified the +0 pair of boots of Watchfulness {rPois} (You bought it in a shop in the Dungeon)
   292 | D        | Identified the -6 pair of gloves of Vlad {rPois rN+ Dex+2 Stlth+} (You bought it in a shop in the Dungeon)
   300 | D        | Round 3.
   326 | D        | Noticed a fire elemental
   329 | D        | Noticed a fire bat
   336 | D        | Killed a fire bat
   336 | D        | Reached skill level 16 in Axes
   337 | D        | Killed a fire elemental
   337 | D        | Reached skill level 17 in Axes
   337 | D        | Reached XP level 7. HP: 42/57 MP: 6/6
   345 | D        | Noticed a fire elemental
   345 | D        | Noticed a fire bat
   347 | D        | Noticed a fire bat
   355 | D        | Killed a fire elemental
   358 | D        | Killed a fire bat
   358 | D        | Reached skill level 18 in Axes
   367 | D        | Killed a fire bat
   367 | D        | Reached skill level 19 in Axes
   386 | D        | Bought 3 potions of heal wounds for 105 gold pieces
   386 | D        | Bought 3 potions of heal wounds for 105 gold pieces
   386 | D        | Bought 3 potions of heal wounds for 105 gold pieces
   386 | D        | Bought 3 potions of heal wounds for 105 gold pieces
   386 | D        | Bought 3 potions of heal wounds for 105 gold pieces
   455 | D        | Noticed a fire bat
   463 | D        | Killed a fire bat
   463 | D        | Arena points: 134 (+84) [x4]
   463 | D        | Reached XP level 8. HP: 46/64 MP: 7/7
   502 | D        | Round 4.
   535 | D        | Reached skill level 20 in Axes
   570 | D        | Noticed a rime drake
   578 | D        | Killed a rime drake
   645 | D        | Bought a pair of polished gloves for 332 gold pieces
   650 | D        | Identified the +1 pair of gloves of Prudence {Regen+ Dex+4} (You bought it in a shop in the Dungeon)
   656 | D        | Noticed a rime drake
   661 | D        | Killed a rime drake
   667 | D        | Noticed a rime drake
   681 | D        | Killed a rime drake
   681 | D        | Arena points: 274 (+140) [x5]
   681 | D        | Reached XP level 9. HP: 66/83 MP: 8/8
   696 | D        | Round 5.
   705 | D        | Bought a polished cloak for 332 gold pieces
   705 | D        | Bought a twisted shield for 332 gold pieces
   715 | D        | Identified the cursed +0 shield of Fizxytil {rElec rPois Str+2 Int+2 Dex-5} (You bought it in a shop in the Dungeon)
   720 | D        | Identified the cursed -3 cloak "Misisavu" {*Drain Int+4} (You bought it in a shop in the Dungeon)
   784 | D        | Noticed a four-headed hydra
   790 | D        | Killed a four-headed hydra
   799 | D        | Noticed the 27-headed Lernaean hydra
   844 | D        | Noticed a spiny frog
   847 | D        | HP: 3/94 [the 27-headed Lernaean hydra (7)]
   847 | D        | HP: 1/94 [the 27-headed Lernaean hydra (1)]
   847 | D        | Slain by the 27-headed Lernaean hydra

Skill      XL: |  1  2  3  4  5  6  7  8  9 |
---------------+----------------------------+-----
Axes           | 8 13 14 17 19 20 | 20.7
Fighting       | 9 13 | 13.6
Armour         | |  3.6
Shields        | |  3.6

Action                   |  1- 3 |  4- 6 |  7- 9 || total
-------------------------+-------+-------+-------++-------
Melee: War axe           |    15 |    19 |    50 ||    84
       Headbutt          |     6 |     4 |    19 ||    29
Invok: Potion Petition   |       |     1 |       ||     1
Evoke: Wand              |       |       |     5 ||     5
  Use: Potion            |     2 |     1 |     7 ||    10
Armor: Scale mail        |     4 |     5 |    21 ||    30
Dodge: Dodged            |     1 |     8 |    14 ||    23
Block: Shield            |     7 |     7 |    22 ||    36
